 Dungeon Crawl Stone Soup version 0.28-a0-845-gfc338a8e3c (webtiles) character file.

Game seed: 473814391022671557

211 marklar909 the Skirmisher (level 5, -2/66 HPs)
             Began as a Palentonga Fighter on Nov 13, 2021.
             Succumbed to Robin's poison
             ... on level 4 of the Dungeon.
             The game lasted 00:03:35 (3267 turns).

marklar909 the Skirmisher (Palentonga Fighter)      Turns: 3267, Time: 00:03:35

Health: -2/66      AC:  9    Str: 20    XL:     5   Next: 57%
Magic:  5/5        EV:  7    Int:  8    God:
Gold:   157        SH:  4    Dex: 10    Spells: 4/4 levels left

rFire   . . .      SeeInvis +   a - +0 flail
rCold   . . .      Faith    .   c - +0 buckler
rNeg    . . .      Spirit   .   b - +0 scale mail
rPois   .          Reflect  .   (no helmet)
rElec   .          Harm     .   (no cloak)
rCorr   .          Rampage  .   h - +1 pair of gloves
Will    .....                   (no barding)
Stlth   ..........              (no amulet)
HPRegen 0.21/turn               (no ring)
MPRegen 0.09/turn               (no ring)

@: berserking, lethally poisoned (-2 -> -17), very quick
A: large, rugged brown scales 3, see invisible, deformed body, roll 1, armoured
tail
a: Rolling Charge


You were on level 4 of the Dungeon.
You visited 1 branch of the dungeon, and saw 4 of its levels.

You collected 179 gold pieces.
You spent 22 gold pieces at shops.

Inventory:

Hand Weapons
 a - a +0 flail (weapon)
Missiles
 i - 24 poisoned darts (quivered)
Armour
 b - a +0 scale mail (worn)
 c - a +0 buckler (worn)
 h - a +1 pair of gloves (worn)
Scrolls
 f - a scroll of silence {unknown}
 j - a scroll of enchant armour {unknown}
 k - a scroll of identify
Potions
 e - a potion of brilliance {unknown}
 l - a potion of magic {unknown}


   Skills:
 + Level 3.7 Fighting
 + Level 3.7 Maces & Flails
 + Level 3.4 Armour
 + Level 1.0 Dodging
 + Level 2.8 Shields


You had 4 spell levels left.
You didn't know any spells.
Your spell library contained the following spells:

 Spells                   Type           Power      Damage    Failure   Level
 Summon Guardian Golem    Hex/Summ       0%         N/A       98%         3
 Orb of Destruction       Conj           0%         N/A       100%        7
 Spellforged Servitor     Conj/Summ      0%         N/A       100%        7


Dungeon Overview and Level Annotations

Branches:
Dungeon (4/15)
 Temple: D:4-7

Altars:

Shops:
D:1 ?

Annotations:
D:2 Natasha
D:4 Robin


Innate Abilities, Weirdness & Mutations

You are completely covered in rugged brown scales. (AC +3, +7% HP)
You have supernaturally acute eyesight. (SInv)
Armour fits poorly on your strangely shaped body.
You can roll at nearby foes to attack.
You have a long armoured tail.


Message History

You barely miss the goblin. You tail-slap the goblin.
The goblin is moderately wounded.
You feel sick. You block the scorpion's attack.
The goblin hits you with a +0 dagger.
You closely miss the goblin. You tail-slap the goblin.
You kill the goblin!
You feel sick.
The scorpion stings you but does no damage.
The scorpion stings you.
You feel sick.
A goblin comes into view. It is wielding a +0 dagger.
You see here a +0 dagger.
You feel sick.
You feel sick.
You feel sick. The scorpion stings you.
* * * LOW HITPOINT WARNING * * *
You are lethally poisoned!
The scorpion poisons you!
You feel better. The scorpion stings you!
* * * LOW HITPOINT WARNING * * *
You are lethally poisoned!
The scorpion poisons you!
Okay, then.
It was a potion of berserk rage.
A red film seems to cover your vision as you go berserk!
You feel yourself moving faster!
You feel mighty!
* * * LOW HITPOINT WARNING * * *
You feel very sick.
The scorpion stings you but does no damage.
You thump the scorpion!
The scorpion is severely wounded.
* * * LOW HITPOINT WARNING * * *
You feel sick. Robin hits you but does no damage.
You are more poisoned.
The scorpion stings you.
* * * LOW HITPOINT WARNING * * *
Unknown command.
You thump the scorpion!
You kill the scorpion!
You die...

#.# #.## #.. #.#
#(#####.#
#.g.)g).#
#.#####.######.#
##†........#
#@g.########
#..## #..# #..#
#..# #..# ###
#))# ..#
#..######
#.###.......[


You could see Robin.

Vanquished Creatures
  2 scorpions
  Natasha (D:2)
  An orc wizard (D:3)
  3 gnolls (D:3)
  An adder skeleton (D:4)
  5 bats
  2 endoplasms
  5 giant cockroaches
  9 goblins
  5 hobgoblins
  4 jackals (D:3)
  6 kobolds
  8 quokkas
  9 ball pythons
  3 frilled lizards
  8 rats
72 creatures vanquished.

Notes
Turn   | Place    | Note
-------+----------+-------------------------------------------
     0 | D:1      | marklar909 the Palentonga Fighter began the quest for the
                  | Orb.
     0 | D:1      | Reached XP level 1. HP: 19/19 MP: 1/1
    77 | D:1      | Found a faded altar of an unknown god.
   208 | D:1      | Reached XP level 2. HP: 25/25 MP: 2/2
   264 | D:1      | Found Mepuvobb's Magic Scroll Emporium.
  1096 | D:1      | Reached XP level 3. HP: 29/31 MP: 3/3
  1180 | D:1      | Bought a scroll of identify for 22 gold pieces
  1438 | D:2      | Noticed Natasha
  1448 | D:2      | Killed Natasha
  1653 | D:2      | Noticed Natasha
  1976 | D:3      | Reached XP level 4. HP: 7/37 MP: 4/4
  2390 | D:3      | Noticed a scorpion
  2395 | D:3      | Killed a scorpion
  2396 | D:3      | Reached skill level 1 in Dodging
  2396 | D:3      | Reached XP level 5. HP: 34/43 MP: 5/5
  3250 | D:4      | Noticed Robin
  3266 | D:4      | HP: 1/66 [scorpion (4)]
  3267 | D:4      | Succumbed to Robin's poison

Illustrated notes

Levels and vault maps discovered:
D:1:      dpeg_arrival_rhombus, layout_loops_corners,
          ebering_ecumenical_altar_webs, serial_shops,
          nicolae_shop_window_shopping
D:2:      layout_basic, uniq_natasha
D:3:      layout_loops_ring
D:4:      layout_loops_ring, chequers_arboretum, lightli_minifort, uniq_robin,
          uniq_pikel

Skill      XL: |  1  2  3  4 |
---------------+-------------+-----
Armour         | 3 |  3.4
Maces & Flails | 3 |  3.7
Dodging        | 1 |  1.0
Fighting       | |  3.7
Shields        | |  2.8

Action                   |  1- 3 |  4- 6 || total
-------------------------+-------+-------++-------
Melee: Flail             |   114 |    90 ||   204
       Tailslap          |     9 |    20 ||    29
Throw: Dart              |       |     2 ||     2
 Abil: Rolling Charge    |       |     1 ||     1
  Use: Scroll            |     3 |       ||     3
       Potion            |     2 |     2 ||     4
Armor: Scale mail        |    92 |    50 ||   142
Dodge: Dodged            |    54 |    38 ||    92
Block: Buckler           |    19 |    25 ||    44

Table legend: (Time is in decaauts)
 A = Elapsed time spent in this place.
 B = Non-inter-level travel time spent in this place.
 C = Inter-level travel time spent in this place.
 D = Time resting spent in this place.
 E = Time spent auto-exploring this place.
 F = Levels seen in this place.
 G = Mean time per level.
                   A        B        C        D        E       F      G
               +--------+--------+--------+--------+--------+-----+--------+
         Total |   3320 |   3220 |    100 |    342 |   2299 |   4 |  830.0 |
       Dungeon |   3320 |   3220 |    100 |    342 |   2299 |   4 |  830.0 |
               +--------+--------+--------+--------+--------+-----+--------+

Top non-repeatable levels by time:
     D:3: 1368 daAuts
     D:1: 1220 daAuts
     D:2: 504 daAuts
     D:4: 227 daAuts
